Map: Ruins of Seras

Players

MoonGyul

  • Race: Protoss Protoss
  • League: Grandmaster

Javert - Winner!

  • Race: Zerg Zerg
  • League: Grandmaster

VOD

Have the link to the VOD?

Description

Time

  • Played on: July 14, 2015, 7:07 p.m.
  • Length: 5:31
Show
View Real Time Build Order
Export as new Build Order

MoonGyul Protoss 

Build Orders:  

Get SALT Encoding   

  12  0:01  Probe  
  13  0:15  Pylon  
  13  0:18  Probe  
  14  0:33  Probe (Chrono Boost)  
  14  0:35  Gateway  
  15  0:45  Probe (Chrono Boost)  
  15  0:48  Assimilator  
  16  0:51  Probe (Chrono Boost)  
  16  0:55  Assimilator  
  17  1:03  Probe  
  18  1:16  Probe  
  19  1:26  Cybernetics Core  
  19  1:28  Probe  
  19  1:29  Zealot  
  22  1:33  Pylon  
  22  1:51  Probe  
  23  2:03  Warp Gate  
  23  2:15  Nexus  
  23  2:20  Probe (Chrono Boost)  
  24  2:27  Adept  
  26  2:49  Pylon  
  26  2:50  Probe  
  27  3:02  Pylon  
  27  3:28  Robotics Facility  
  27  3:32  Probe (Chrono Boost)  
  27  3:33  Probe (Chrono Boost)  
  29  3:34  Gateway  
  29  3:35  Gateway  
  30  3:42  Probe (Chrono Boost)  
  31  3:48  Probe (Chrono Boost)  
  31  3:49  Probe (Chrono Boost)  
  32  4:01  Probe x2 (Chrono Boost)  
  34  4:13  Pylon  
  34  4:18  Gateway  
  34  4:20  Gateway  
  34  4:26  Pylon  
  34  4:28  Probe x2  
  36  4:33  Observer  
  35  4:39  Adept  
  35  4:40  Probe x2  
  35  4:47  Adept x2  
  39  4:54  Observer  
  38  5:02  Adept  
  34  5:13  Adept x2  
Show
View Real Time Build Order
Export as new Build Order

Javert Zerg - Winner!

Build Orders: Hatch First 

Get SALT Encoding   

  12  0:01  Drone  
  13  0:18  Overlord  
  13  0:21  Drone  
  14  0:36  Drone  
  14  0:37  Drone  
  14  0:41  Drone  
  17  0:51  Drone  
  18  1:01  Hatchery  
  18  1:02  Drone  
  18  1:04  Extractor  
  17  1:13  Drone  
  18  1:22  Spawning Pool  
  18  1:25  Drone  
  18  1:36  Drone  
  19  1:45  Overlord  
  19  1:57  Drone  
  20  2:09  Metabolic Boost, Queen  
  20  2:13  Queen  
  20  2:14  Zergling x4  
  26  2:20  Drone  
  27  2:29  Drone x2  
  29  2:38  Drone x2  
  31  2:52  Drone x2  
  33  3:02  Drone  
  33  3:03  Drone  
  35  3:09  Hatchery  
  34  3:14  Queen  
  36  3:22  Overlord  
  36  3:40  Overlord, Queen  
  38  3:42  Zergling x2  
  38  3:43  Zergling x10  
  38  3:46  Overlord x2  
  44  4:09  Zergling x10  
  52  4:10  Zergling x10  
  52  4:15  Extractor  
  53  4:20  Drone  
  53  4:23  Lair  
  54  4:27  Drone x2  
  55  4:41  Zergling x2  
  55  4:42  Zergling x12  
  61  4:52  Zergling x2  
  61  4:53  Zergling x10  
  62  5:08  Drone x3  
  62  5:09  Drone x2  
  62  5:10  Extractor  
  62  5:11  Extractor  
  63  5:16  Drone x4  
  66  5:22  Roach Warren  
Tags
 
Add a new tag
Caveats
  • Supply blocks, unpowered buildings, or Contaminate may cause inaccurate times.
  • Supply counts are checked every 10 seconds.